 Dungeon Crawl Stone Soup version 0.26-a0-257-g47e9e61525 (webtiles) character file.

Game seed: 6435485910086106893

7668 BritishOli the Carver (level 10, 0/80 HPs)
             Began as a Demonspawn Fighter on July 10, 2020.
             Was an Elder of Okawaru.
             Killed by divine providence
             ... invoked by a meliai
              (13 damage)
             ... in a Gauntlet.
             The game lasted 00:47:51 (14071 turns).

BritishOli the Carver (Demonspawn Fighter)         Turns: 14071, Time: 00:47:52

Health: 0/80       AC: 18    Str: 25      XL:     10   Next: 99%
Magic:  0/10       EV:  9    Int:  8 (10) God:    Okawaru [****..]
Gold:   835        SH: 21    Dex: 10 (13) Spells: 9/9 levels left

rFire    + . .     SeeInvis .   i - +1 long sword (elec)
rCold    . . .     Faith    .   c - +0 kite shield
rNeg     . . .     Spirit   +   H - +0 plate armour
rPois    .         Reflect  .   (helmet restricted)
rElec    .         Harm     .   F - +1 cloak
rCorr    .         NoTele   +   (no gloves)
MR       .....                  (no boots)
Stlth    ..........             t - amulet of the acrobat
HPRegen  0.23/turn              k - ring of protection from fire
MPRegen  0.12/turn              B - +6 ring of strength

@: mighty, lethally poisoned (0 -> -19), heroism, flying
A: antennae 1, large bone plates 3, powered by death 1, magic shield
a: Heroism, Renounce Religion


You were in a Gauntlet.
You worshipped Okawaru.
Okawaru was greatly pleased with you.
You were not hungry.

You visited 2 branches of the dungeon, and saw 14 of its levels.
You also visited: Gauntlet.

You collected 835 gold pieces.

Inventory:

Hand Weapons
 i - a +1 long sword of electrocution (weapon)
Armour
 c - a +0 kite shield (worn)
 F - a +1 cloak (worn)
 H - a +0 plate armour (worn)
Jewellery
 k - a ring of protection from fire (left hand)
 r - an uncursed ring of positive energy
 t - an amulet of the acrobat (around neck)
 u - an uncursed ring of ice
 B - a +6 ring of strength (right hand)
Wands
 o - a wand of random effects (17)
 D - a wand of iceblast (4)
 E - a wand of acid (4)
 I - a wand of enslavement (7)
 J - a wand of digging (9)
 L - a wand of paralysis (11)
Scrolls
 e - 3 scrolls of enchant weapon
 g - 6 scrolls of remove curse
 h - 3 scrolls of teleportation
 m - a scroll of fog
 n - a scroll of magic mapping
 x - a scroll of vulnerability {unknown}
 y - a scroll of random uselessness {unknown}
 A - 2 scrolls of amnesia
 C - 3 scrolls of enchant armour
 G - a scroll of noise {unknown}
 K - a scroll of fear {unknown}
Potions
 d - a potion of might
Miscellaneous
 w - a phantom mirror
Comestibles
 f - 26 rations


   Skills:
 + Level 7.9(12.9) Fighting
 * Level 9.7(14.7) Long Blades
 * Level 8.3(13.3) Armour
 + Level 7.3(12.3) Shields


You had 9 spell levels left.
You didn't know any spells.
Your spell library contained the following spells:

 Spells                   Type           Power        Failure   Level
 Shock                    Conj/Air       #...         99%         1
 Swiftness                Chrm/Air       #.......     100%        2
 Static Discharge         Conj/Air       #.......     100%        3
 Airstrike                Air            #.........   100%        4
 Lightning Bolt           Conj/Air       #.........   100%        5


Dungeon Overview and Level Annotations

Branches:
Dungeon (13/15)            Temple (1/1) D:6            Lair (0/6) D:11
    Orc (0/2) D:9         Gauntlet (1/1)
 Vaults: D:13-14

Altars:
Ashenzari
Cheibriados
Dithmenos
Elyvilon
Fedhas
Gozag
Hepliaklqana
Kikubaaqudgha
Makhleb
Nemelex Xobeh
Okawaru
Qazlal
Ru
Sif Muna
Trog
Uskayaw
Vehumet
Wu Jian
Xom
Yredelemnul
Zin
The Shining One

Annotations:
D:6 3 runed translucent doors, Sickboy's ghost, novice HOFi; hemabe71's ghost, novice HuAr; ohados's ghost, novice HOGl; terminal's ghost, novice TrWz
D:11 Jorgrun
D:12 Azrael
D:13 Frances Gauntlet 13 transporters, 3 runed translucent doors


Innate Abilities, Weirdness & Mutations

You have a pair of small antennae on your head.
You are completely covered in large bone plates. (SH +8)
You regenerate a little health from kills.
When hurt, damage is shared between your health and your magic reserves.


Message History

The meliai calls down the wrath of its god upon you.
Something smites you!
* * * LOW HITPOINT WARNING * * *
Unknown command.
You hit the meliai.
The meliai is moderately wounded.
* * * LOW HITPOINT WARNING * * *
You feel sick. You block the meliai's attack. x2
The meliai hits you with a +0 war axe.
* * * LOW HITPOINT WARNING * * *
You block the meliai's attack. The meliai hits you but does no damage.
The meliai stings you but does no damage.
You slash the meliai! Lightning courses through the meliai!!
You kill the meliai!
Okawaru accepts your kill.
* * * LOW HITPOINT WARNING * * *
You feel sick. You block the meliai's attack. x2
The meliai invokes the aid of its god against you.
Something smites you!
You die...

########################
......................≈###
.......................#8#
##########.###########.###
w.![©.$..#.#"≈.:©?≈..#.#
.^##.##^.#.#.≈.≈...≈.#.###
.##.^.##.#.#..≈...≈≈.#.#8#
.#.....#.#.#.≈.≈≈≈.≈.#.###
....©....#.#≈≈.y@≈..≈#.#
.#.....#.#.#..≈)).≈.≈#.###
.##...##Y#.#.≈≈.≈≈.≈.#.#8#
.^##.##^Y#.#.≈..≈..≈.#.###
.......Yw#.#.≈...≈≈..#.#
######################.###
....©...........©#.....#8#
####.#############....≈###
8≈≈#.#..............####


You could see a meliai.

Vanquished Creatures
  A tengu warrior (Gauntlet)
  A torpor snail (Gauntlet)
  2 tengu conjurers (Gauntlet)
  2 meliai (Gauntlet)
  A troll (D:9)
  2 hornets (D:8)
  A hippogriff (D:9)
  A spriggan (D:7)
  A wyvern (D:8)
  2 water moccasins (D:8)
  3 sky beasts
  3 black bears
  4 orc warriors
  An ice beast (D:7)
  An eye of draining (D:9)
  2 ogres
  4 wolves (Gauntlet)
  5 centaurs
  Blork the orc (D:5)
  A bullfrog (D:8)
  4 scorpions
  9 killer bees
  3 wights (D:9)
  A howler monkey (D:4)
  2 bullfrog zombies (D:4)
  2 centaur zombies
  7 orc priests
  3 hounds
  2 jellies
  A centaur skeleton (D:9)
  10 orc wizards
  4 bullfrog skeletons
  Natasha (thrice) (D:3)
  An iguana (D:8)
  4 worker ants
  A statue (D:5)
  2 killer bee zombies (D:9)
  A centaur simulacrum (D:9)
  A hound zombie (D:9)
  3 worker ant zombies
  Robin (D:2)
  10 adders
  3 shadow imps (D:9)
  2 white imps (D:8)
  An ufetubus (D:8)
  An adder skeleton (D:4)
  An adder zombie (D:9)
  3 worms
  4 dart slugs
  4 leopard geckos
  28 orcs
  5 bats
  5 goblins
  2 hobgoblins
  2 jackals (D:6)
  2 quokkas
  3 ball pythons
  A frilled lizard (D:3)
  11 kobolds
  A leopard gecko skeleton (D:4)
  A leopard gecko zombie (D:4)
  5 rats
199 creatures vanquished.

Vanquished Creatures (others)
  A wyvern zombie (D:12)
  2 orcs
  4 fungi (Gauntlet)
  6 plants (Gauntlet)
13 creatures vanquished.

Grand Total: 212 creatures vanquished

Notes
Turn   | Place    | Note
-------+----------+-------------------------------------------
     0 | D:1      | BritishOli the Demonspawn Fighter began the quest for the
                  | Orb.
     0 | D:1      | Reached XP level 1. HP: 18/18 MP: 1/1
    86 | D:1      | Reached skill level 2 in Long Blades
   303 | D:1      | Gained mutation: You regenerate a little health from kills.
                  | [demonic ancestry]
   303 | D:1      | Reached XP level 2. HP: 24/24 MP: 2/2
  1090 | D:2      | Reached XP level 3. HP: 24/29 MP: 3/3
  1145 | D:2      | Noticed Robin
  1163 | D:2      | HP: 1/29 [Robin/+1 dagger of electrocution (13)]
  1164 | D:2      | Killed Robin
  1342 | D:2      | You fall into a shaft and drop 2 floors!
  1357 | D:4      | Reached XP level 4. HP: 27/35 MP: 4/4
  1366 | D:4      | Reached skill level 3 in Long Blades
  1371 | D:4      | Gained mutation: You are partially covered in large bone
                  | plates. (SH +4) [demonic ancestry]
  1371 | D:4      | Reached XP level 5. HP: 27/42 MP: 5/5
  1527 | D:4      | Gained mutation: You have a pair of small antennae on your
                  | head. [demonic ancestry]
  1527 | D:4      | Reached XP level 6. HP: 45/48 MP: 6/6
  1839 | D:3      | Reached skill level 4 in Long Blades
  2544 | D:3      | Noticed Natasha
  2554 | D:3      | Killed Natasha
  3205 | D:3      | Noticed Natasha
  3215 | D:3      | Killed Natasha
  3395 | D:3      | Noticed Natasha
  3403 | D:3      | Killed Natasha
  3403 | D:3      | Gained mutation: When hurt, damage is shared between your
                  | health and your magic reserves. [demonic ancestry]
  3403 | D:3      | Reached XP level 7. HP: 46/55 MP: 7/7
  3915 | D:5      | Entered Level 5 of the Dungeon
  3915 | D:5      | Found a glowing silver altar of Zin.
  3915 | D:5      | Found a bloodstained altar of Trog.
  3938 | D:5      | Found a glowing golden altar of the Shining One.
  3942 | D:5      | Found a hide-covered altar of Uskayaw.
  3943 | D:5      | Found a shimmering altar of Xom.
  4312 | D:5      | Found a stormy altar of Qazlal.
  4315 | D:5      | Noticed an air elemental
  4315 | D:5      | Noticed a water elemental
  4315 | D:5      | Noticed a fire elemental
  4454 | D:5      | Found a radiant altar of Vehumet.
  4715 | D:6      | Found a runed translucent gate.
  4715 | D:6      | Found a runed translucent gate.
  4715 | D:6      | Found a runed translucent gate.
  4715 | D:6      | Noticed terminal's ghost (novice TrWz)
  4715 | D:6      | Noticed hemabe71's ghost (novice HuAr)
  4716 | D:6      | Noticed Sickboy's ghost (novice HOFi)
  4716 | D:6      | Noticed ohados's ghost (novice HOGl)
  4730 | D:6      | Reached skill level 5 in Long Blades
  4885 | D:6      | Found a white marble altar of Elyvilon.
  5024 | D:6      | Noticed Blork the orc
  5058 | D:5      | Killed Blork the orc
  5202 | D:6      | Reached skill level 5 in Fighting
  5289 | D:6      | Gained mutation: You are mostly covered in large bone
                  | plates. (SH +6) [demonic ancestry]
  5289 | D:6      | Reached XP level 8. HP: 26/62 MP: 3/8
  5464 | D:6      | Found a staircase to the Ecumenical Temple.
  5471 | Temple   | Entered the Ecumenical Temple
  5684 | Temple   | Became a worshipper of Warmaster Okawaru
  5806 | D:6      | Found a snail-covered altar of Cheibriados.
  6129 | D:7      | Reached skill level 6 in Long Blades
  6512 | D:7      | Reached skill level 5 in Shields
  6619 | D:7      | Reached skill level 5 in Armour
  7221 | D:7      | Reached * piety under Okawaru
  8064 | D:8      | Reached skill level 7 in Long Blades
  8070 | D:8      | Gained mutation: You are completely covered in large bone
                  | plates. (SH +8) [demonic ancestry]
  8070 | D:8      | Reached XP level 9. HP: 61/69 MP: 6/9
  8461 | D:8      | Paralysed by a hornet for 2 turns
  8778 | D:8      | Reached ** piety under Okawaru
  9123 | D:8      | Reached skill level 8 in Long Blades
  9210 | D:9      | Noticed a troll
  9220 | D:9      | Killed a troll
  9301 | D:9      | Noticed a troll
  9788 | D:9      | Paralysed by a hornet for 3 turns
 10043 | D:9      | Found a hazy altar of Hepliaklqana.
 10043 | D:9      | Found a staircase to the Orcish Mines.
 10555 | D:9      | Reached *** piety under Okawaru
 10555 | D:9      | Reached XP level 10. HP: 76/79 MP: 10/10
 10789 | D:10     | Entered Level 10 of the Dungeon
 10873 | D:9      | Found a sacrificial altar of Ru.
 11512 | D:8      | Reached skill level 9 in Long Blades
 11833 | D:9      | Reached **** piety under Okawaru
 12404 | D:10     | You fall into a shaft and drop 3 floors!
 12407 | D:13     | Noticed Frances
 12410 | D:13     | Noticed a smoke demon
 12412 | D:13     | Noticed a tengu warrior
 12414 | D:13     | Noticed a soul eater
 12414 | D:13     | Noticed a centaur warrior
 12416 | D:12     | Noticed Azrael
 12419 | D:12     | Noticed a white ugly thing
 12419 | D:12     | Noticed Jorgrun
 12430 | D:12     | Noticed an orc knight
 12456 | D:12     | Noticed a manticore
 12502 | D:11     | Found a gate leading to a gauntlet.
 12508 | D:11     | Noticed a two-headed ogre
 12511 | Gauntlet | Entered a Gauntlet
 12511 | Gauntlet | Found a transporter.
 12511 | Gauntlet | Found a large runed translucent door.
 12511 | Gauntlet | Found a large runed translucent door.
 12511 | Gauntlet | Found a large runed translucent door.
 12511 | Gauntlet | Found a large runed translucent door.
 12511 | Gauntlet | Found a runed translucent door.
 12511 | Gauntlet | Found a runed translucent door.
 12511 | Gauntlet | Found a large runed translucent door.
 12511 | Gauntlet | Found a large runed translucent door.
 12511 | Gauntlet | Found a large runed translucent door.
 12511 | Gauntlet | Found a large runed translucent door.
 12511 | Gauntlet | Found a large runed translucent door.
 12511 | Gauntlet | Found a large runed translucent door.
 12600 | Gauntlet | Found a large runed translucent door.
 12600 | Gauntlet | Found a large runed translucent door.
 12608 | Gauntlet | Found a transporter.
 12608 | Gauntlet | Noticed a tengu warrior
 12623 | Gauntlet | Found a transporter.
 12628 | Gauntlet | Found a transporter.
 12643 | Gauntlet | Found a transporter.
 12662 | Gauntlet | Found a transporter.
 12662 | Gauntlet | Noticed a torpor snail
 12664 | Gauntlet | Noticed a death yak
 12665 | Gauntlet | Noticed a death yak
 12665 | Gauntlet | Noticed a death yak
 12674 | Gauntlet | Found a transporter.
 12674 | Gauntlet | Noticed a ghost crab
 12685 | Gauntlet | Noticed a wizard
 12686 | Gauntlet | Found a transporter.
 12686 | Gauntlet | Noticed a wizard
 12698 | Gauntlet | Found a transporter.
 12698 | Gauntlet | Noticed an apocalypse crab
 12707 | Gauntlet | Found a transporter.
 12729 | Gauntlet | Found a transporter.
 12745 | Gauntlet | Found a transporter.
 12747 | Gauntlet | Found a transporter.
 12747 | Gauntlet | Noticed a necromancer
 12765 | Gauntlet | Found a large runed translucent door.
 12766 | Gauntlet | Found a large runed translucent door.
 12770 | Gauntlet | Found a runed translucent gate.
 12770 | Gauntlet | Found a runed translucent gate.
 12770 | Gauntlet | Found a runed translucent gate.
 12771 | Gauntlet | Noticed a torpor snail
 12772 | Gauntlet | Found a transporter.
 12774 | Gauntlet | Found a transporter.
 12780 | Gauntlet | Found a large runed translucent door.
 12781 | Gauntlet | Found a large runed translucent door.
 12796 | Gauntlet | Found a transporter.
 12796 | Gauntlet | Found a transporter.
 13144 | Gauntlet | Found a transporter.
 13327 | Gauntlet | Killed a torpor snail
 13597 | Gauntlet | Killed a tengu warrior
 14071 | Gauntlet | Killed from afar by a meliai

Illustrated notes

Levels and vault maps discovered:
D:1:      dpeg_arrival_pits, layout_basic, st_stairs_11
D:2:      layout_loops_corners, first_ration, uniq_robin
D:3:      layout_basic, uniq_natasha
D:4:      layout_loops_ring, serial_undead, serial_undead_c, serial_undead_d,
          serial_undead_d, serial_undead_a
D:5:      layout_basic, nicolae_qazlal_style_of_elements, vehumet_statue,
          grunt_temple_overflow_open
D:6:      layout_cave_pools, marbit_many_paths, elyvilon_altar_3,
          minmay_temple_entry_junction_2, gammafunk_ghost_cemetery,
          uniq_blork_the_orc
D:7:      layout_loops_ring, the_bakery
D:8:      layout_basic, chequers_serial_rivers_room_a
D:9:      lemuel_upstairs_altar, layout_basic, hangedman_ru_absence,
          lemuel_crystal_altar, david_orc_3, hangedman_weighted_door
D:10:     layout_cave_pools
D:11:     layout_small_grid, minmay_lair_entry_grove, gauntlet_entry_generic
D:12:     layout_roguey, nicolae_trove_entry_crystal, kennysheep_cross_room,
          uniq_azrael, uniq_jorgrun
D:13:     layout_rooms, ximxim_vaults_locker_room, basic_altar, uniq_frances,
          uniq_urug
Temple:   minmay_temple_curvy_loop
Gauntlet: gammafunk_gauntlet_one_two_three
          [minmay_gauntlet_arena_make_your_own_arena,
          gammafunk_gauntlet_arena_corners, gammafunk_gauntlet_arena_crates,
          gammafunk_gauntlet_arena_spirals, nicolae_gauntlet_arena_x,
          gammafunk_gauntlet_arena_arrow_garden, nicolae_gauntlet_arena_grate_2,
          gammafunk_gauntlet_arena_split_diamond,
          nicolae_gauntlet_arena_flowing_pool,
          nicolae_gauntlet_exit_dead_adventurers]

Skill      XL: |  1  2  3  4  5  6  7  8  9 10 |
---------------+-------------------------------+-----
Long Blades    | 2 3 4 5 7 8 9 |  9.7
Armour         | 3 4 5 6 8 |  8.3
Shields        | 3 4 5 6 7 |  7.3
Fighting       | 4 5 6 7 |  7.9

Action                   |  1- 3 |  4- 6 |  7- 9 | 10-12 || total
-------------------------+-------+-------+-------+-------++-------
Melee: Long sword        |    74 |   257 |   515 |   335 ||  1181
Invok: Heroism           |       |       |       |     5 ||     5
Evoke: Wand              |       |       |     8 |     1 ||     9
       Phantom mirror    |       |       |       |     2 ||     2
  Use: Scroll            |       |       |     6 |    10 ||    16
       Potion            |       |       |     5 |    16 ||    21
 Stab: Invisible         |       |       |     9 |       ||     9
  Eat: Ration            |     1 |     2 |     6 |     3 ||    12
Armor: Scale mail        |    38 |   115 |    88 |       ||   241
       Plate armour      |       |       |   108 |   154 ||   262
Dodge: Dodged            |    17 |    63 |   124 |    87 ||   291
Block: Kite shield       |    32 |   211 |   546 |   486 ||  1275
       Rpst.: Long sword |     3 |    25 |    34 |     9 ||    71

Table legend:
 A = Non-vault XP
 B = Vault XP
 C = Vault XP percentage of total XP
 D = Non-vault monster count
 E = Vault monster count
 F = Vault count percentage of total count
                 A         B        C        D         E       F
            +---------+---------+-------+---------+---------+-------
      Total |    7025 |    3930 |  35.9 |     160 |      39 |  19.6
            +---------+---------+-------+---------+---------+-------
        D:1 |      18 |       1 |   5.3 |       9 |       1 |  10.0
        D:2 |      23 |      25 |  52.1 |       9 |       6 |  40.0
        D:3 |     291 |      35 |  10.7 |      34 |       1 |   2.9
        D:4 |     207 |     214 |  50.8 |      11 |       8 |  42.1
        D:5 |      87 |     132 |  60.3 |       4 |       2 |  33.3
        D:6 |     463 |     119 |  20.4 |       8 |       1 |  11.1
        D:7 |     781 |     220 |  22.0 |      14 |       1 |   6.7
        D:8 |    2955 |     129 |   4.2 |      48 |       1 |   2.0
        D:9 |    1738 |     136 |   7.3 |      21 |       8 |  27.6
       D:10 |     459 |       0 |   0.0 |       1 |       0 |   0.0
       D:11 |       3 |       0 |   0.0 |       1 |       0 |   0.0
   Gauntlet |       0 |    2919 | 100.0 |       0 |      10 | 100.0
            +---------+---------+-------+---------+---------+-------
